 Dungeon Crawl Stone Soup version 0.25-a0-589-g1e14c549ee (webtiles) character file.

Game seed: 11923656680465977146, levelgen mode: deterministic

175 Kohma the Poker (level 5, -2/39 HPs)
             Began as a Demonspawn Gladiator on Mar 11, 2020.
             Slain by an orc
             ... wielding a +0 club
              (3 damage)
             ... on level 3 of the Dungeon.
             The game lasted 00:07:04 (3164 turns).

Kohma the Poker (Demonspawn Gladiator)              Turns: 3164, Time: 00:07:04

Health: -2/39      AC:  6    Str: 15    XL:     5   Next: 29%
Magic:  5/5        EV: 12    Int:  9    God:
Gold:   121        SH:  0    Dex: 15    Spells: 4/4 levels left

rFire    . . .     SeeInvis .   a - +0 trident
rCold    . . .     Gourm    .   (no shield)
rNeg     . . .     Faith    .   A - +0 ring mail
rPois    .         Spirit   .   (helmet restricted)
rElec    .         Reflect  .   (no cloak)
rCorr    .         Harm     .   (no gloves)
MR       .....                  (no boots)
Stlth    +.........             (no amulet)
HPRegen  0.13/turn              (no ring)
MPRegen  0.09/turn              (no ring)

@: no status effects
A: antennae 1, rugged brown scales 1, rot immunity
a: no special abilities


You were on level 3 of the Dungeon.
You were not hungry.

You visited 1 branch of the dungeon, and saw 4 of its levels.

You collected 121 gold pieces.

Inventory:

Hand Weapons
 a - a +0 trident (weapon)
Missiles
 d - 3 throwing nets (quivered)
 g - 105 stones
 r - 84 sling bullets
 x - 20 arrows
 y - 2 javelins
Armour
 A - a +0 ring mail (worn)
Jewellery
 m - an uncursed ring of fire {unknown}
 v - an uncursed ring of poison resistance {unknown}
 z - a +3 ring of intelligence {unknown}
Scrolls
 e - a scroll of random uselessness {unknown}
 h - a scroll of teleportation {unknown}
 i - a scroll of fog {unknown}
 j - 2 scrolls of identify {unknown}
 n - a scroll of enchant armour {unknown}
 o - a scroll of remove curse {unknown}
 p - a scroll of noise {unknown}
 q - a scroll of fear {unknown}
 s - a scroll of amnesia {unknown}
 w - 3 scrolls of blinking {unknown}
Potions
 b - a potion of might {unknown}
 k - a potion of mutation {unknown}
 l - a potion of flight {unknown}
 t - 2 potions of ambrosia {unknown}
 u - 2 potions of curing {unknown}
Comestibles
 f - 7 rations


   Skills:
 - Level 2.0 Fighting
 * Level 4.7 Polearms
 - Level 1.8 Throwing
 + Level 2.0 Armour
 - Level 3.0 Dodging


You had 4 spell levels left.
You didn't know any spells.
Your spell library was empty.

Dungeon Overview and Level Annotations

Branches:
Dungeon (4/15)
 Temple: D:4-7

Altars:
Hepliaklqana


Innate Abilities, Weirdness & Mutations

You have a pair of small antennae on your head.
You are partially covered in rugged brown scales. (AC +1, +3% HP)
You are immune to rotting.


Message History

The orc priest is almost dead.
The orc priest mumbles some strange prayers to Beogh against you.
Pain shoots through your body!
* * * LOW HITPOINT WARNING * * *
The orc hits you from afar with a +0 trident.
* * * LOW HITPOINT WARNING * * *
You barely miss the orc priest.
The orc priest is almost dead.
The orc priest closely misses you. The orc barely misses you.
The orc priest hits you but does no damage.
You puncture the orc priest!
You kill the orc priest!
Your Armour skill increases to level 2!
The orc hits you from afar with a +0 trident.
* * * LOW HITPOINT WARNING * * *
The orc hits you but does no damage. The orc closely misses you.
You climb upwards.
There is a stone staircase leading down here.
You hit the orc but do no damage. The orc hits you with a +0 club.
You die...

##.......####............. #
#####..####...#...............
####.....##......................
#....#####.........<.............
.................#.#.##.##.......
##.###########.#........#........
......#######........####...)....
###.....##......#.#...###........
......#......>.o@................
.#..#####.##.#....#............##
.#.#####<.##...####...........##.
.#.##....###..#########).....##..
.#.#..#####..#...............#...
.....##........###########.......
............#### ####...#...
#..#####...## #....####.. ...#
##..### #.#### ##.


You could see an orc.

Vanquished Creatures
  An orc priest (D:4)
  An iguana (D:3)
  2 adders (D:3)
  An ooze (D:2)
  2 worms
  3 dart slugs
  2 leopard geckos
  6 orcs
  7 giant cockroaches
  11 goblins
  8 hobgoblins
  3 jackals (D:2)
  9 bats
  3 frilled lizards
  9 kobolds
  8 rats
76 creatures vanquished.

Notes
Turn   | Place    | Note
-------+----------+-------------------------------------------
     0 | D:1      | Kohma the Demonspawn Gladiator began the quest for the Orb.
     0 | D:1      | Reached XP level 1. HP: 16/16 MP: 1/1
   215 | D:1      | Gained mutation: You have a pair of small antennae on your
                  | head. [demonic ancestry]
   215 | D:1      | Reached XP level 2. HP: 8/22 MP: 2/2
   433 | D:1      | Reached skill level 3 in Polearms
   861 | D:1      | Gained mutation: You are partially covered in rugged brown
                  | scales. (AC +1, +3% HP) [demonic ancestry]
   861 | D:1      | Reached XP level 3. HP: 10/27 MP: 3/3
  1836 | D:2      | Reached skill level 1 in Armour
  2125 | D:2      | Gained mutation: You are immune to rotting. [demonic
                  | ancestry]
  2125 | D:2      | Reached XP level 4. HP: 32/33 MP: 4/4
  2305 | D:3      | Reached skill level 4 in Polearms
  2480 | D:3      | Found a hazy altar of Hepliaklqana.
  3002 | D:3      | Reached XP level 5. HP: 36/39 MP: 5/5
  3159 | D:4      | HP: 1/39 [orc/+0 trident (4)]
  3164 | D:3      | Slain by an orc

Levels and vault maps discovered:
D:1:      dpeg_arrival_radiant, layout_basic, st_stairs_11
D:2:      layout_loops_ring, first_ration
D:3:      layout_rooms, lemuel_round_altar, kennysheep_generic_room_11
D:4:      cheibrodos_fertilizer, layout_basic, kennysheep_ying_yang,
          grunt_temple_overflow_octagram

Skill      XL: |  1  2  3  4  5 |
---------------+----------------+-----
Dodging        | 3 |  3.0
Polearms       | 3 4 |  4.7
Armour         | 1 2 |  2.0
Fighting       | |  2.0
Throwing       | |  1.8

Action                   |  1- 3 |  4- 6 || total
-------------------------+-------+-------++-------
Melee: Trident           |   160 |    92 ||   252
 Stab: Sleeping          |     1 |       ||     1
       Distracted        |       |     1 ||     1
  Eat: Chunk             |     4 |     3 ||     7
Armor: Leather armour    |    46 |    17 ||    63
       Ring mail         |       |     4 ||     4
Dodge: Dodged            |   158 |    56 ||   214

Table legend:
 A = Non-vault XP
 B = Vault XP
 C = Vault XP percentage of total XP
 D = Non-vault monster count
 E = Vault monster count
 F = Vault count percentage of total count
                 A         B        C        D         E       F
            +---------+---------+-------+---------+---------+-------
      Total |     240 |      10 |   4.0 |      72 |       4 |   5.3
            +---------+---------+-------+---------+---------+-------
        D:1 |      35 |      10 |  22.2 |      21 |       4 |  16.0
        D:2 |      53 |       0 |   0.0 |      26 |       0 |   0.0
        D:3 |     105 |       0 |   0.0 |      22 |       0 |   0.0
        D:4 |      47 |       0 |   0.0 |       3 |       0 |   0.0
            +---------+---------+-------+---------+---------+-------
